Map: Ephemeron LE

Players

Seismic - Winner!

  • Race: Zerg Zerg
  • League: Gold
  • Spawn Location: 11:00

A.I. 1 (Very Easy)

  • Race: Zerg Zerg
  • Spawn Location: 5:00

VOD

Have the link to the VOD?

Description

Time

  • Played on: Dec. 31, 2019, 12:12 a.m.
  • Length: 10:42
Show
View Real Time Build Order
Export as new Build Order

Seismic Zerg - Winner!

Build Orders: Hatch First 

Get SALT Encoding   

  12  0:01  Drone  
  13  0:11  Drone  
  14  0:16  Overlord  
  14  0:34  Drone  
  14  0:35  Drone x2  
  17  0:54  Hatchery  
  16  0:57  Drone  
  16  1:00  Drone  
  18  1:14  Spawning Pool  
  18  1:17  Drone  
  18  1:20  Drone  
  19  1:28  Drone  
  19  1:31  Extractor  
  19  1:39  Drone  
  20  1:51  Overlord  
  20  2:05  Queen x2  
  24  2:09  Drone x2  
  24  2:12  Drone  
  27  2:17  Drone  
  27  2:22  Drone  
  29  2:28  Drone  
  30  2:33  Drone  
  31  2:39  Overlord  
  31  2:44  Lair, Queen  
  33  2:51  Drone  
  33  2:52  Drone  
  33  2:57  Drone  
  36  3:07  Drone x2  
  38  3:14  Hatchery  
  38  3:18  Drone  
  38  3:19  Drone x4  
  42  3:31  Roach Warren  
  41  3:36  Evolution Chamber  
  41  3:40  Drone x3  
  41  3:41  Overlord, Drone  
  44  3:50  Extractor x2  
  44  3:54  Drone  
  44  3:55  Drone  
  44  3:59  Drone  
  44  4:00  Drone x2  
  44  4:01  Overlord x2  
  47  4:13  Zergling x6  
  50  4:23  Zerg Missile Weapons Level 1  
  50  4:24  Glial Reconstitution  
  50  4:30  Roach  
  50  4:31  Roach x5  
  60  4:34  Overlord, Roach  
  64  5:01  Drone x3  
  64  5:02  Drone x5  
  64  5:03  Drone  
  64  5:04  Overlord, Drone  
  74  5:20  Queen  
  76  5:25  Drone x6  
  82  5:31  Extractor  
  82  5:32  Extractor  
  80  5:48  Hydralisk Den  
  79  5:51  Evolution Chamber  
  79  5:53  Drone x2  
  79  5:54  Drone x8  
  79  5:55  Overlord x3  
  88  6:20  Hatchery  
  87  6:26  Hatchery  
  86  6:34  Zerg Ground Armor Level 1  
  86  6:39  Infestation Pit  
  85  6:52  Zerg Missile Weapons Level 2  
  85  6:56  Grooved Spines  
  85  6:58  Hydralisk x3  
  85  6:59  Hydralisk x8  
  85  7:00  Hydralisk  
  109  7:02  Overlord x3  
  109  7:03  Overlord  
  109  7:13  Drone x5  
  114  7:27  Hydralisk x4  
  114  7:28  Hydralisk x4  
  130  7:33  Drone x5  
  130  7:34  Drone x2  
  137  7:50  Extractor x2  
  135  7:53  Hydralisk  
  135  7:54  Hydralisk x6  
  135  7:55  Overlord  
  135  7:56  Overlord x2  
  149  8:06  Hydralisk x3  
  149  8:08  Muscular Augments  
  149  8:09  Overlord x4  
  149  8:10  Overlord  
  155  8:23  Drone x4  
  155  8:24  Drone x8  
  155  8:26  Overlord  
  167  8:38  Hive, Hydralisk x2  
  167  8:39  Hydralisk x6  
  167  8:40  Hydralisk  
  185  8:50  Hydralisk x4  
  185  8:53  Hydralisk  
  195  9:03  Hydralisk x2  
  195  9:06  Drone  
Show
View Real Time Build Order
Export as new Build Order

A.I. 1 (Very Easy) Zerg 

Build Orders: Hatch First 

Get SALT Encoding   

  12  0:00  Drone  
  13  0:12  Overlord  
  13  0:16  Drone  
  14  0:41  Hatchery  
  13  0:45  Drone  
  14  1:02  Spawning Pool  
  13  1:05  Drone  
  13  1:08  Extractor  
  13  1:12  Drone  
  14  1:19  Overlord  
  14  1:49  Queen  
  14  1:50  Zergling x2  
  14  1:52  Zergling x2  
  18  1:56  Roach Warren  
  17  2:01  Drone  
  17  2:06  Extractor  
  17  2:10  Drone  
  18  2:15  Zergling x2  
  18  2:20  Drone  
  20  2:27  Drone  
  21  2:34  Drone  
  22  2:41  Drone  
  23  2:48  Drone  
  24  2:55  Drone  
  24  2:57  Lair  
  25  3:25  Drone  
  26  3:32  Drone  
  27  3:39  Overlord, Drone  
  28  3:46  Drone  
  29  3:53  Drone  
  30  3:58  Spire  
  30  4:01  Drone  
  30  4:03  Overseer  
  30  4:07  Overseer  
  30  4:08  Drone  
  31  4:15  Drone  
  32  4:22  Drone  
  32  4:23  Overlord  
  33  4:30  Drone  
  34  4:37  Drone  
  35  4:44  Extractor, Drone  
  35  4:51  Extractor, Drone  
  35  4:58  Drone  
  36  5:05  Drone  
  37  5:12  Mutalisk  
  37  5:13  Drone  
  40  5:20  Drone  
  41  5:27  Drone  
  42  5:34  Drone  
  43  5:36  Overlord  
  43  5:41  Drone  
  44  5:48  Drone  
  45  5:52  Mutalisk  
  45  5:56  Drone  
  48  6:03  Drone  
  49  6:10  Overseer, Overlord  
  49  9:43  Zergling x2  
  45  9:48  Overseer, Overlord  
  43  9:53  Drone  
  40  10:01  Drone  
  28  10:08  Drone  
  28  10:12  Roach  
  25  10:15  Drone  
  15  10:23  Overlord, Drone  
Tags
 
League
Gold
Matchup
ZvZ
Race
Zerg
Spawn Locations
Cross Positions
Add a new tag
Caveats
  • Supply blocks, unpowered buildings, or Contaminate may cause inaccurate times.
  • Supply counts are checked every 10 seconds.